 Dungeon Crawl Stone Soup version 0.30-a0-586-g23e55c9e0a (webtiles) character file.

Game seed: 5976651323381341653

1855 cforsyth the Trooper (level 9, -12/79 HPs)
             Began as a Ghoul Monk on Jan 3, 2023.
             Was a Priest of Okawaru.
             Mangled by a gargoyle
             ... wielding a +0 dire flail
              (22 damage)
             ... on level 7 of the Dungeon.
             The game lasted 00:09:21 (6530 turns).

cforsyth the Trooper (Ghoul Monk)                   Turns: 6530, Time: 00:09:21

Health: -12/79     AC: 12    Str: 17 (19) XL:     9   Next: 12%
Magic:  0/8        EV:  5    Int:  2 (5)  God:    Okawaru [***...]
Gold:   337        SH:  5    Dex: 16 (17) Spells: 8/8 levels left

rFire   . . .      SeeInvis .      - Unarmed
rCold   + . .      Faith    .    m - +0 buckler
rNeg    + + +      Spirit   +    j - +0 plate armour
rPois   ∞          Reflect  .    (no helmet)
rElec   .          Harm     .    (no cloak)
rCorr   +          Rampage  .    (no gloves)
Will    .....                    (no boots) Stlth
                                 r - amulet of guardian spirit
HPRegen 0.00/turn                k - +6 ring of dexterity
MPRegen 0.11/turn                C - ring of resist corrosion

@: attractive, inhibited regen
A: claws 1, cold resistance 1, negative energy resistance 3, inhibited
regeneration, torment resistance 2, devour on kill
a: Renounce Religion, Heroism


You were on level 7 of the Dungeon.
You worshipped Okawaru.
Okawaru was most pleased with you.
You visited 2 branches of the dungeon, and saw 8 of its levels.

You collected 337 gold pieces.

Inventory:

Armour
 a - a +0 robe
 j - a +0 plate armour (worn)
 m - a +0 buckler (worn)
Jewellery
 k - a +6 ring of dexterity (left claw)
 r - an amulet of guardian spirit (around neck)
 C - a ring of resist corrosion (right claw)
Wands
 v - a wand of flame (16)
Scrolls
 c - a scroll of vulnerability {unknown}
 d - 4 scrolls of fog {unknown}
 e - 2 scrolls of enchant armour {unknown}
 g - 2 scrolls of amnesia {unknown}
 h - a scroll of fear {unknown}
 i - 11 scrolls of identify {unknown}
 l - 5 scrolls of noise {unknown}
 o - 2 scrolls of summoning {unknown}
 q - 3 scrolls of teleportation {unknown}
 u - a scroll of blinking {unknown}
 x - 3 scrolls of magic mapping {unknown}
 y - a scroll of acquirement {unknown}
 A - a scroll of silence {unknown}
 E - a scroll of enchant weapon {unknown}
Potions
 b - a potion of berserk rage {unknown}
 f - 3 potions of curing
 n - 2 potions of might {unknown}
 p - 4 potions of invisibility {unknown}
 s - 2 potions of heal wounds {unknown}
 t - 2 potions of attraction
 w - a potion of magic {unknown}
 z - a potion of lignification {unknown}
 B - a potion of degeneration
 D - a potion of cancellation {unknown}


   Skills:
 + Level 7.2 Fighting
 + Level 4.9 Armour
 - Level 2.6 Dodging
 - Level 2.1 Stealth
 + Level 5.0 Shields
 + Level 7.2 Unarmed Combat


You had 8 spell levels left.
You didn't know any spells.
Your spell library contained the following spells:

 Spells                   Type           Power      Damage    Failure   Level
 Portal Projectile        Hex/Tloc       0%         N/A       100%        3
 Cause Fear               Hex            0%         N/A       100%        4
 Leda's Liquefaction      Hex/Erth       0%         N/A       100%        4
 Sublimation of Blood     Necr           Unusable   N/A       N/A         2
 Wereblood                Tmut           Unusable   N/A       N/A         2
 Call Canine Familiar     Summ           Unusable   N/A       N/A         3
 Dragon Form              Tmut           Unusable   N/A       N/A         7
 Summon Hydra             Summ           Unusable   N/A       N/A         7
 Dragon's Call            Summ           Unusable   N/A       N/A         9

Dungeon Overview and Level Annotations

Branches:
Dungeon (7/15)             Temple (1/1) D:4

Altars:
Ashenzari
Dithmenos
Fedhas
Gozag
Hepliaklqana
Kikubaaqudgha
Nemelex Xobeh
Okawaru
Qazlal
Ru
Sif Muna
Uskayaw
Vehumet
Wu Jian
Xom
Yredelemnul

Annotations:
D:2 Terence
D:6 1 runed translucent door


Innate Abilities, Weirdness & Mutations

You are immune to poison.
You have sharp fingernails.
Your flesh is cold resistant. (rC+)
You are immune to negative energy. (rN+++)
You do not regenerate when monsters are visible.
You are immune to unholy pain and torment.
You thrive by killing the living.


Message History

You can no longer speed up your combat.
The gargoyle hits you with a +0 dire flail!
You scratch the gargoyle but do no damage.
You scratch the gargoyle but do no damage.
You block the gargoyle's attack.
You scratch the gargoyle but do no damage.
The gargoyle hits you with a +0 dire flail.
You scratch the gargoyle.
The gargoyle is lightly damaged.
The gargoyle hits you with a +0 dire flail!
You completely miss the gargoyle.
The gargoyle is lightly damaged.
The gargoyle hurls a stone arrow at you.
The stone arrow hits you!!
* * * LOW HITPOINT WARNING * * *
You scratch the gargoyle.
The gargoyle is moderately damaged.
You scratch the gargoyle.
The gargoyle is moderately damaged.
The gargoyle barely misses you.
You barely miss the gargoyle.
The gargoyle is moderately damaged.
The gargoyle hurls a stone arrow at you.
You block the stone arrow.
You scratch the gargoyle but do no damage.
The gargoyle is moderately damaged.
The gargoyle hurls a stone arrow at you.
The stone arrow hits you!
* * * LOW HITPOINT WARNING * * *
You completely miss the gargoyle.
The gargoyle is moderately damaged.
It was a potion of attraction.
You feel attractive to monsters. You block the gargoyle's attack.
It was a potion of degeneration.
There was something very wrong with that liquid.
You feel weakened.
You feel dopey.
You feel clumsy.
You feel like a meek peon again.
The gargoyle hits you with a +0 dire flail!!
You die...

### ###[## #
#.##.# .#
#..)## #.#
#.##@##.#
#.....
####.###9..#
#>... #....#
#W##.# #....
##.####/.#..#
#... #..# ###
### #..# #.##
#..######.#
#..#......##
#..........##


You could see a gargoyle and a shadow.

Vanquished Creatures
  A water moccasin (D:7)
  A black bear (D:5)
  2 ice beasts (D:7)
  2 ogres (D:5)
  2 phantoms
  A kobold brigand (D:6)
  5 bullfrogs
  A gnoll sergeant (D:5)
  2 scorpions
  A howler monkey (D:5)
  A jelly (D:5)
  2 hounds
  An orc priest (D:3)
  2 iguanas
  6 orc wizards
  Robin (D:4)
  4 gnolls
  5 adders
  4 white imps
  2 ufetubi
  A worm (D:5)
  A dart slug (D:4)
  21 orcs
  A ball python (D:3)
  10 endoplasms
  A giant cockroach (D:1)
  13 goblins
  7 hobgoblins
  10 kobolds
  2 quokkas (D:2)
  5 bats
  4 frilled lizards
  A kobold skeleton (D:6)
  2 rats (D:2)
125 creatures vanquished.

Notes
Turn   | Place    | Note
-------+----------+-------------------------------------------
     0 | D:1      | cforsyth the Ghoul Monk began the quest for the Orb.
     0 | D:1      | Reached XP level 1. HP: 19/19 MP: 0/0
   289 | D:1      | Reached XP level 2. HP: 26/26 MP: 1/1
   993 | D:2      | Noticed Terence
  1510 | D:2      | Reached XP level 3. HP: 33/33 MP: 2/2
  1970 | D:3      | Reached skill level 1 in Armour
  1970 | D:3      | Reached skill level 1 in Shields
  1970 | D:3      | Reached XP level 4. HP: 24/40 MP: 3/3
  2174 | D:3      | Reached XP level 5. HP: 34/47 MP: 4/4
  3155 | D:4      | Noticed a phantom
  3168 | D:4      | Killed a phantom
  3169 | D:4      | Reached XP level 6. HP: 52/55 MP: 3/5
  3199 | D:4      | Reached skill level 5 in Fighting
  3199 | D:4      | Reached skill level 5 in Unarmed Combat
  3212 | D:4      | Identified the +1 helmet of a bazaar {rF+++ rC++ Int-5
                  | Dex+3}
  3212 | D:4      | Noticed Robin
  3356 | D:4      | Killed Robin
  3395 | D:4      | Found a shadowy altar of Dithmenos.
  3474 | D:3      | Reached XP level 7. HP: 26/61 MP: 2/6
  3682 | D:4      | Found a staircase to the Ecumenical Temple.
  3690 | Temple   | Entered the Ecumenical Temple
  3695 | Temple   | Became a worshipper of Warmaster Okawaru
  3695 | Temple   | Reached * piety under Okawaru
  3695 | Temple   | Reached ** piety under Okawaru
  3865 | D:5      | Entered Level 5 of the Dungeon
  4480 | D:5      | Reached XP level 8. HP: 63/70 MP: 5/7
  4539 | D:5      | Found a stormy altar of Qazlal.
  4635 | D:5      | HP: 1/70 [ogre/+0 giant club (28)]
  5220 | D:6      | Found a sacrificial altar of Ru.
  5340 | D:6      | Reached *** piety under Okawaru
  5422 | D:5      | Noticed a rust devil
  5422 | D:5      | Noticed a rust devil
  5555 | D:7      | Found a sparkling altar of Nemelex Xobeh.
  5990 | D:6      | Found a runed translucent door.
  6003 | D:6      | Found a basalt altar of Yredelemnul.
  6176 | D:6      | Reached XP level 9. HP: 79/79 MP: 8/8
  6214 | D:6      | Found a radiant altar of Vehumet.
  6215 | D:6      | Found a broken altar of Ashenzari.
  6430 | D:7      | Reached **** piety under Okawaru
  6507 | D:7      | Reached skill level 5 in Shields
  6514 | D:7      | Noticed a gargoyle
  6530 | D:7      | Mangled by a gargoyle

Illustrated notes

Levels and vault maps discovered:
D:1:      dpeg_arrival_prison, layout_loops_ring
D:2:      layout_loops_ring, uniq_terence
D:3:      layout_basic, corexii_corridor_pit
D:4:      layout_cave_pools, nicolae_dithmenos_the_darkroom,
          minmay_temple_entry_hall, uniq_robin
D:5:      cheibrodos_iron_armory, layout_basic, lemuel_coloured_pillars_altar
D:6:      layout_loops_ring, dk_yredelemnul_ordeal,
          nicolae_ru_the_path_less_chosen, gammafunk_temple_overflow_pools
D:7:      minmay_cornered_nines, layout_rooms, lemuel_tele_altar
Temple:   minmay_freezing_vapour_temple

Skill      XL: |  1  2  3  4  5  6  7  8  9 |
---------------+----------------------------+-----
Unarmed Combat | 4 5 6 7 |  7.2
Fighting       | 4 5 6 7 |  7.2
Armour         | 1 2 3 4 |  4.9
Shields        | 1 2 3 4 5 |  5.0
Dodging        | |  2.6
Stealth        | |  2.1

Action                   |  1- 3 |  4- 6 |  7- 9 || total
-------------------------+-------+-------+-------++-------
Melee: Unarmed           |    99 |   182 |   260 ||   541
       Punch             |     1 |       |       ||     1
Invok: Heroism           |       |       |     1 ||     1
  Use: Potion            |     1 |       |     4 ||     5
 Stab: Sleeping          |     4 |       |       ||     4
Armor: Robe              |     3 |       |       ||     3
       Plate armour      |    29 |   138 |   149 ||   316
Dodge: Dodged            |    27 |    49 |    47 ||   123
Block: Buckler           |    10 |    41 |    70 ||   121

Table legend: (Time is in decaauts)
 A = Elapsed time spent in this place.
 B = Non-inter-level travel time spent in this place.
 C = Inter-level travel time spent in this place.
 D = Time resting spent in this place.
 E = Time spent auto-exploring this place.
 F = Levels seen in this place.
 G = Mean time per level.
                   A        B        C        D        E       F      G
               +--------+--------+--------+--------+--------+-----+--------+
         Total |   6504 |   6319 |    185 |    579 |   4440 |   8 |  813.0 |
       Dungeon |   6493 |   6313 |    180 |    579 |   4440 |   7 |  927.6 |
        Temple |     10 |      5 |      5 |      0 |      0 |   1 |   10.0 |
               +--------+--------+--------+--------+--------+-----+--------+

Top non-repeatable levels by time:
     D:3: 1396 daAuts
     D:5: 1135 daAuts
     D:1: 1069 daAuts
     D:6: 778 daAuts
     D:2: 765 daAuts
     D:4: 744 daAuts
     D:7: 603 daAuts
  Temple: 10 daAuts
